 Dungeon Crawl Stone Soup version 0.22-a0-458-gb446440d2e (webtiles) character file.

77 Oravi the Poker (level 4, -2/36 HPs)
             Began as a Draconian Skald on June 8, 2018.
             Slain by a gnoll
             ... wielding a +0 club
              (7 damage)
             ... on level 2 of the Dungeon.
             The game lasted 00:04:53 (1388 turns).

Oravi the Poker (Draconian Skald)                   Turns: 1388, Time: 00:04:53

Health: -2/36      AC:  5    Str: 13    XL:     4   Next: 13%
Magic:  0/7        EV: 12    Int: 15    God:
Gold:   111        SH:  0    Dex: 10    Spells: 6/7 levels left

rFire    . . .     SeeInvis .   a - +0 spear
rCold    . . .     Gourm    .   (no shield)
rNeg     . . .     Faith    .   (armour unavailable)
rPois    .         Spirit   .   (helmet restricted)
rElec    .         Reflect  .   (no cloak)
rCorr    .         Harm     .   (no gloves)
MR       .....                  (no boots)
Stlth    +.........             (no amulet)
HPRegen  0.12/turn              (no ring)
MPRegen  0.10/turn              (no ring)

@: infused
A: unfitting armour, cold-blooded, AC +5
a: no special abilities


You were on level 2 of the Dungeon.
You were not hungry.

You visited 1 branch of the dungeon, and saw 2 of its levels.

You collected 111 gold pieces.

Inventory:

Hand Weapons
 a - a +0 spear (weapon)
Missiles
 g - 32 stones (quivered)
Scrolls
 d - a scroll of magic mapping {unknown}
 h - 2 scrolls of fog {unknown}
 i - a scroll of blinking {unknown}
 j - 4 scrolls of identify {unknown}
Potions
 b - a potion of curing {unknown}
 e - a potion of agility {unknown}
 f - a potion of cancellation {unknown}
 k - a potion of lignification {unknown}
Comestibles
 c - 3 rations
 l - 2 chunks of flesh


   Skills:
 - Level 2.1 Fighting
 + Level 4.4 Polearms
 - Level 2.1 Dodging
 - Level 2.0 Spellcasting
 - Level 2.6 Charms


You had 6 spell levels left.
You knew the following spells:

 Your Spells              Type           Power        Failure   Level  Hunger
a - Infusion              Chrm           #...         8%          1    #......

Your spell library contained the following spells:

 Spells                   Type           Power        Failure   Level  Hunger
 Regeneration             Chrm/Necr      #.........   36%         3    ###....
 Shroud of Golubria       Chrm/Tloc      #.........   19%         2    ###....
 Song of Slaying          Chrm           #.......     11%         2    ###....
 Spectral Weapon          Hex/Chrm       #.......     36%         3    ###....


Dungeon Overview and Level Annotations

Branches:
Dungeon (2/15)

Altars:


Innate Abilities, Weirdness & Mutations

Your plain brown scales are hard. (AC +5)
You cannot fit into any form of body armour.
You are cold-blooded and may be slowed by cold attacks.


Message History

Aim: a gnoll, wielding a club You reach to attack!
You barely miss the gnoll. You hit the gnoll but do no damage.
The gnoll hits you with a club!
There is an open door here.
Casting: Infusion (safe; 8% risk of failure)
Confirm with . or Enter, or press ? or * to list all spells.
You begin infusing your attacks with magical energy.
The gnoll hits you with a club!
* * * LOW HITPOINT WARNING * * *
You are too injured to fight recklessly!
You are too injured to fight recklessly!
You are too injured to fight recklessly!
You are too injured to fight recklessly!
You hit the gnoll.
The gnoll is moderately wounded.
The gnoll hits you but does no damage.
You hit the gnoll.
The gnoll is heavily wounded.
The gnoll hits you with a club!
You die...

..# #.)# #.## ..######..# #.##
....g.÷)..# .# #.# ....#####'##
.# #.# ....# ##...## #.# #.##
....###.....## ####.##### #.#.
...###.......## #........# #...
..###.........###.....##.#######.
....+.........gg@................
.####.........###.....##.#######.
†# ##.......## #.#.#.##.# ## .#
##.....## #........# # .# ##...##
#####.#### # .# ##'## #.# ## .#
#.# #.# #. .# #.# #.# #. ## ##.##
#.# #.


You could see 2 gnolls.

Vanquished Creatures
  A gnoll (D:2)
  3 adders (D:2)
  3 dart slugs (D:1)
  A leopard gecko (D:1)
  2 giant cockroaches
  4 goblins
  4 hobgoblins
  A ball python (D:1)
  3 bats (D:1)
  A frilled lizard (D:1)
  6 kobolds
  5 rats
34 creatures vanquished.

Notes
Turn   | Place    | Note
-------+----------+-------------------------------------------
     0 | D:1      | Oravi the Draconian Skald began the quest for the Orb.
     0 | D:1      | Reached XP level 1. HP: 17/17 MP: 3/3
    86 | D:1      | Reached XP level 2. HP: 18/24 MP: 0/5
   251 | D:1      | Reached skill level 3 in Polearms
   794 | D:1      | Reached XP level 3. HP: 27/29 MP: 6/6
  1212 | D:2      | Reached skill level 4 in Polearms
  1367 | D:2      | Reached XP level 4. HP: 22/36 MP: 0/7
  1388 | D:2      | Slain by a gnoll

Vault maps used:
D:1:      dpeg_arrival_another_circle
D:2:      first_ration, serial_park_tiny_2

Skill      XL: |  1  2  3 |
---------------+----------+-----
Polearms       | 3 4 |  4.4
Fighting       | |  2.1
Dodging        | |  2.1
Spellcasting   | |  2.0
Charms         | |  2.6

Action                   |  1- 3 |  4- 6 || total
-------------------------+-------+-------++-------
Melee: Spear             |   108 |     4 ||   112
       Tailslap          |     2 |       ||     2
Throw: Stone             |    70 |       ||    70
 Cast: Infusion          |    12 |     1 ||    13
  Eat: Chunk             |     2 |       ||     2
Armor: Skin              |    10 |     2 ||    12
Dodge: Dodged            |    48 |     2 ||    50

Table legend:
 A = Spawn XP
 B = Non-spawn XP
 C = Spawn XP percentage of total XP
 D = Spawn monster count
 E = Non-spawn monster count
 F = Spawn count percentage of total count
 G = Total turns spent on level
                    A         B        C        D         E        F      G
               +---------+---------+-------+---------+---------+-------+---------
         Total |       0 |     110 |   0.0 |       0 |      34 |   0.0 |  1388
               +---------+---------+-------+---------+---------+-------+---------
           D:1 |       0 |      44 |   0.0 |       0 |      23 |   0.0 |  1042
           D:2 |       0 |      66 |   0.0 |       0 |      11 |   0.0 |   346
               +---------+---------+-------+---------+---------+-------+---------
